 Dungeon Crawl Stone Soup version 0.26-a0-1222-g14533b3512 (webtiles) character file.

Game seed: 14063128155562818543

6445 wakim the Impaler (level 10, -2/82 HPs)
             Began as a Merfolk Gladiator on Dec 31, 2020.
             Was a Priest of Trog.
             Slain by a two-headed ogre
             ... wielding a +0 giant club
              (20 damage)
             ... on level 8 of the Dungeon on Jan 1, 2021.
             The game lasted 00:49:02 (8989 turns).

wakim the Impaler (Merfolk Gladiator)               Turns: 8989, Time: 00:49:03

Health: -2/82      AC: 23    Str: 16    XL:     10   Next: 99%
Magic:  10/10      EV: 12    Int:  7    God:    Trog [***...]
Gold:   491        SH:  0    Dex: 24    Spells: 9/9 levels left

rFire    + . .     SeeInvis .   a - +2 halberd (protect)
rCold    . . .     Faith    +   (shield currently unavailable)
rNeg     . . .     Spirit   .   s - +2 plate armour {rF+}
rPois    .         Reflect  .   c - +1 helmet
rElec    .         Harm     .   (no cloak)
rCorr    .         Rampage  .   (no gloves)
Will     .....                  (no boots)
Stlth    ..........             y - amulet of faith
HPRegen  0.23/turn              z - +6 ring of dexterity
MPRegen  0.12/turn              B - +4 ring of evasion

@: protection aura, studying Bows
A: change form in water, swift swim, stealthy swim
a: Renounce Religion, Berserk, Trog's Hand


You were on level 8 of the Dungeon.
You worshipped Trog.
Trog was most pleased with you.
You visited 2 branches of the dungeon, and saw 9 of its levels.

You collected 491 gold pieces.

Inventory:

Hand Weapons
 a - a +2 halberd of protection (weapon)
 b - a +3 spear of freezing
 m - a +0 vorpal trident
 v - a +2 halberd
 E - a +0 glaive
Missiles
 d - 5 throwing nets (quivered)
Armour
 c - a +1 helmet (worn)
 s - a +2 plate armour of fire resistance (worn)
 u - the +1 chain mail "Cukuy" {+Inv Int+3}
   (You found it on level 5 of the Dungeon)

   It affects your intelligence (+3).
   It lets you turn invisible.
 C - a +1 chain mail of cold resistance
 F - +0 steam dragon scales
Jewellery
 k - an uncursed amulet of the acrobat
 p - an uncursed ring of flight
 y - an amulet of faith (around neck)
 z - a +6 ring of dexterity (left hand)
 B - a +4 ring of evasion (right hand)
Wands
 r - a wand of acid (6)
 A - a wand of iceblast (7)
Scrolls
 g - a scroll of summoning {unknown}
 i - 6 scrolls of remove curse
 l - a scroll of enchant armour
 o - 11 scrolls of identify
 q - 5 scrolls of enchant weapon
 t - 3 scrolls of teleportation
 x - a scroll of magic mapping
Potions
 e - 4 potions of berserk rage
 f - a potion of ambrosia {unknown}
 j - 4 potions of curing
 n - 6 potions of might
 w - 3 potions of heal wounds
Books
 h - a manual of Bows
Miscellaneous
 D - a phantom mirror


   Skills:
 + Level 8.5 Fighting
 + Level 15.8 Polearms
 + Level 2.1 Throwing
 + Level 5.8 Armour
 + Level 6.4 Dodging
 + Level 1.3 Stealth


You had 9 spell levels left.
You didn't know any spells.
Your spell library contained the following spells:

 Spells                   Type           Power        Failure   Level
 Beastly Appendage        Tmut           0%           100%        1


Dungeon Overview and Level Annotations

Branches:
Dungeon (8/15)             Temple (1/1) D:7
   Lair: D:8-11

Altars:
Ashenzari
Cheibriados
Dithmenos
Elyvilon
Fedhas
Gozag
Hepliaklqana
Kikubaaqudgha
Makhleb
Nemelex Xobeh
Okawaru
Qazlal
Sif Muna
Trog
Uskayaw
Vehumet
Wu Jian
Xom
Yredelemnul
Zin
The Shining One

Annotations:
D:7 1 runed translucent door


Message History

You puncture the two-headed ogre!
The two-headed ogre is heavily wounded.
You impale the two-headed ogre!!
The two-headed ogre is almost dead.
The two-headed ogre hits you with a +0 giant club!!
The two-headed ogre hits you with a +0 giant spiked club.
* * * LOW HITPOINT WARNING * * *
Your plate armour prevents you from hitting the two-headed ogre.
The two-headed ogre is almost dead.
You hit the two-headed ogre but do no damage.
The two-headed ogre is almost dead.
The two-headed ogre hits you with a +0 giant club.
* * * LOW HITPOINT WARNING * * *
The two-headed ogre hits you with a +0 giant spiked club.
* * * LOW HITPOINT WARNING * * *
You hit the two-headed ogre.
The two-headed ogre is almost dead.
The two-headed ogre hits you but does no damage.
The two-headed ogre hits you with a +0 giant spiked club!!
You die...

#.#.##........#....
#.#.#.........#....
#...#.........)....
##..#..............
#.................
#.#......)........
#.#...............
#.#.#####.........
#@#..####.........
#O##.^............
#.....#.###........
....#### #.........
####.# #.........
#.. #......... ...
#......... ...
#......<.. .>..
##........


You could see a two-headed ogre.

Vanquished Creatures
  A two-headed ogre (D:8)
  An ugly thing (D:7)
  Maggie (D:7)
  A troll (D:7)
  Prince Ribbit (D:8)
  A shadow (D:7)
  A wraith (D:7)
  An acid dragon (D:7)
  Duvessa (D:5)
  4 orc warriors
  2 ice beasts
  2 sky beasts
  2 phantoms
  A necrophage (D:7)
  5 ogres
  2 centaurs
  2 bullfrogs (D:6)
  A gnoll sergeant (D:7)
  2 wyvern skeletons
  Dowan (D:5)
  A scorpion (D:7)
  22 wights
  5 killer bees (D:8)
  A howler monkey (D:6)
  A bullfrog zombie (D:5)
  3 hounds
  3 jellies
  3 centaur skeletons
  A gnoll shaman (D:4)
  8 orc wizards
  2 iguanas
  8 worker ants
  A killer bee zombie (D:8)
  A hound skeleton (D:6)
  8 gnolls
  A howler monkey skeleton (D:4)
  5 adders
  A white imp (D:7)
  An ufetubus (D:5)
  An ooze (D:3)
  An adder zombie (D:6)
  3 adder skeletons
  7 worms
  5 dart slugs
  5 leopard geckos
  18 orcs
  7 bats
  6 giant cockroaches
  6 goblins
  10 hobgoblins
  9 jackals
  4 quokkas
  5 frilled lizards
  6 kobolds
  A quokka skeleton (D:8)
  6 rats
209 creatures vanquished.

Vanquished Creatures (others)
  An orc wizard (D:4)
1 creature vanquished.

Grand Total: 210 creatures vanquished

Notes
Turn   | Place    | Note
-------+----------+-------------------------------------------
     0 | D:1      | wakim the Merfolk Gladiator began the quest for the Orb.
     0 | D:1      | Reached XP level 1. HP: 16/16 MP: 1/1
   319 | D:1      | Reached XP level 2. HP: 22/22 MP: 2/2
   450 | D:1      | Reached skill level 5 in Polearms
   450 | D:1      | Reached XP level 3. HP: 17/27 MP: 3/3
  1403 | D:2      | Reached XP level 4. HP: 34/34 MP: 4/4
  1769 | D:2      | Found an opulent altar of Gozag.
  1830 | D:2      | Reached skill level 5 in Dodging
  1875 | D:2      | Reached skill level 6 in Polearms
  2285 | D:3      | Noticed a centaur
  2308 | D:3      | Reached XP level 5. HP: 7/39 MP: 5/5
  2622 | D:3      | Killed a centaur
  2623 | D:3      | Reached skill level 7 in Polearms
  2623 | D:3      | Reached skill level 1 in Armour
  2639 | D:3      | Noticed an ogre
  2656 | D:3      | HP: 2/41 [ogre/cursed +0 giant club (9)]
  2661 | D:3      | Killed an ogre
  2662 | D:3      | Reached skill level 1 in Stealth
  2662 | D:3      | Reached XP level 6. HP: 3/47 MP: 6/6
  3257 | D:3      | Found a shimmering altar of Xom.
  3815 | D:4      | Reached skill level 8 in Polearms
  3815 | D:4      | Reached XP level 7. HP: 53/53 MP: 7/7
  4056 | D:4      | Reached skill level 9 in Polearms
  4317 | D:4      | Found a glowing silver altar of Zin.
  4487 | D:4      | Found a shimmering blue altar of Sif Muna.
  4509 | D:4      | Reached XP level 8. HP: 42/61 MP: 8/8
  4513 | D:4      | Identified Sif Muna's Volume of Shape Shifting
  4641 | D:5      | Entered Level 5 of the Dungeon
  4888 | D:5      | Got a scorched chain mail
  4889 | D:5      | Identified the cursed +1 chain mail "Cukuy" {+Inv Int+3}
                  | (You found it on level 5 of the Dungeon)
  4932 | D:5      | Reached skill level 10 in Polearms
  5479 | D:5      | Noticed Dowan
  5510 | D:5      | Killed Dowan
  5570 | D:5      | Noticed Duvessa
  5588 | D:5      | Killed Duvessa
  5589 | D:5      | Reached skill level 11 in Polearms
  5695 | D:5      | Found a bloodstained altar of Trog.
  5699 | D:5      | Became a worshipper of Trog the Wrathful
  5956 | D:6      | Reached skill level 5 in Fighting
  6109 | D:6      | Reached skill level 12 in Polearms
  6109 | D:6      | Reached XP level 9. HP: 60/68 MP: 9/9
  6173 | D:6      | Found a blossoming altar of Fedhas.
  6297 | D:6      | Reached * piety under Trog
  6319 | D:6      | Found a sparkling altar of Nemelex Xobeh.
  6319 | D:6      | Found an iron altar of Okawaru.
  7093 | D:7      | Reached skill level 13 in Polearms
  7306 | D:7      | Reached ** piety under Trog
  7450 | D:7      | Found a runed translucent door.
  7473 | D:7      | Noticed a troll
  7473 | D:7      | Noticed a cyan ugly thing
  7493 | D:7      | Killed a cyan ugly thing
  7494 | D:7      | Reached XP level 10. HP: 79/79 MP: 10/10
  7497 | D:7      | Reached skill level 14 in Polearms
  7539 | D:7      | Reached skill level 5 in Armour
  7664 | D:7      | Found a staircase to the Ecumenical Temple.
  7731 | D:7      | Noticed Maggie
  7750 | D:7      | Killed Maggie
  7840 | D:7      | Found a shimmering blue altar of Sif Muna.
  7844 | D:7      | Found a shimmering altar of Xom.
  7849 | D:7      | Found a white marble altar of Elyvilon.
  8126 | Temple   | Entered the Ecumenical Temple
  8405 | D:8      | Noticed a two-headed ogre
  8415 | D:8      | Killed a two-headed ogre
  8416 | D:8      | Reached skill level 15 in Polearms
  8533 | D:8      | Reached *** piety under Trog
  8903 | D:8      | Noticed Prince Ribbit
  8919 | D:8      | Killed Prince Ribbit
  8936 | D:8      | Found a shimmering altar of Xom.
  8975 | D:8      | Noticed a two-headed ogre
  8989 | D:8      | Slain by a two-headed ogre

Illustrated notes

Levels and vault maps discovered:
D:1:      dpeg_arrival_pits, layout_basic, minmay_vboxes
D:2:      layout_basic, nicolae_gozag_seed_capital
D:3:      layout_basic, brannock_xom_greatest_gift
D:4:      layout_cave_pools, kennysheep_mini, led_sif_book
D:5:      layout_loops_ring, marbit_many_paths, uniq_duvessa
D:6:      layout_rooms, gammafunk_temple_overflow_wave, fedhas_altar_3
D:7:      minmay_the_grid_triangle_9x9_rhombus_thin
          [minmay_the_grid_triangle_9x9_subtriangle,
          minmay_the_grid_triangle_9x9_prize_insulated,
          minmay_the_grid_triangle_9x9_skeleton,
          minmay_the_grid_triangle_9x9_flanged_cone], layout_gridville,
          minmay_overflow_temple_star_quad, minmay_temple_entry_offerings,
          minmay_manual_moon, uniq_maggie
D:8:      layout_rooms, kennysheep_path_1, david_defended_altar_elf,
          uniq_prince_ribbit1
Temple:   dpeg_chambers_temple

Skill      XL: |  1  2  3  4  5  6  7  8  9 10 |
---------------+-------------------------------+-----
Polearms       | 5 6 7 8 9 12 13 15 | 15.8
Dodging        | 5 6 |  6.4
Fighting       | 3 4 5 7 8 |  8.5
Armour         | 1 2 3 4 5 |  5.8
Stealth        | 1 |  1.3
Throwing       | |  2.1

Action                   |  1- 3 |  4- 6 |  7- 9 | 10-12 || total
-------------------------+-------+-------+-------+-------++-------
Melee: Trident           |   122 |   185 |       |       ||   307
       Halberd           |       |     5 |   355 |   180 ||   540
       Tailslap          |       |       |     1 |       ||     1
Invok: Berserk           |       |       |     1 |       ||     1
  Use: Potion            |     5 |     3 |     2 |       ||    10
       Scroll            |     4 |     1 |     7 |     2 ||    14
 Stab: Distracted        |     2 |       |       |       ||     2
       Sleeping          |     1 |       |       |       ||     1
Armor: Leather armour    |    33 |       |       |       ||    33
       Ring mail         |     2 |    21 |       |       ||    23
       Chain mail        |       |    35 |   142 |    17 ||   194
       Plate armour      |       |       |       |    35 ||    35
Dodge: Dodged            |    84 |    94 |   152 |    63 ||   393

Table legend: (Time is in decaauts)
 A = Elapsed time spent in this place.
 B = Non-inter-level travel time spent in this place.
 C = Inter-level travel time spent in this place.
 D = Time resting spent in this place.
 E = Time spent auto-exploring this place.
 F = Levels seen in this place.
 G = Mean time per level.
                   A        B        C        D        E       F      G
               +--------+--------+--------+--------+--------+-----+--------+
         Total |   8973 |   8422 |    551 |    842 |   5282 |   9 |  997.0 |
       Dungeon |   8760 |   8231 |    529 |    842 |   5093 |   8 | 1095.0 |
        Temple |    212 |    190 |     22 |      0 |    189 |   1 |  212.0 |
               +--------+--------+--------+--------+--------+-----+--------+

Top non-repeatable levels by time:
     D:7: 1511 daAuts
     D:3: 1436 daAuts
     D:4: 1159 daAuts
     D:5: 1150 daAuts
     D:1: 1120 daAuts
     D:2: 1104 daAuts
     D:6: 721 daAuts
     D:8: 555 daAuts
  Temple: 212 daAuts
